AoeStats
← Two_Smoothie_Machines

Arabia

510346069Analyzed
1v1 RM · 1d ago on Sep 30, 2026· 57m 4s· 2 players
Game mode
Random Map
Map size
Tiny (2 player)
Population
200
Speed
Normal
Resources
Standard
Victory
Conquest
Starting age
Dark Age
Ending age
Imperial Age
RankedLock teamsTeams togetherTeam positionsShared explorationLock speedFull tech treeHidden civsTurbo modeCheats
Victory
Defeat
🇫🇷 Franks · France
1116
+14
🇮🇳 Franks · India
1078
-14
myandacct2
5:48 Loom
8:32 Feudal Age
17:50 Double-Bit Axe
21:58 Wheelbarrow
25:20 Castle Age
23:32 Scale Barding Armor
24:34 Fletching
25:08 Gold Mining
25:52 Forging
26:37 Bow Saw
28:43 Pikeman
30:59 Hand Cart
37:04 Iron Casting
36:38 Husbandry
38:43 Chain Barding Armor
44:15 Scale Mail Armor
44:17 Squires
46:55 Chain Mail Armor
49:58 Imperial Age
47:14 Town Watch
47:37 Bodkin Arrow
48:21 Gold Shaft Mining
49:05 Arson
50:02 Halberdier
50:23 Cavalier
51:39 Plate Barding Armor
52:05 Blast Furnace
Two_Smoothie_Machines
6:18 Loom
10:01 Feudal Age
10:31 Double-Bit Axe
20:33 Gold Mining
23:22 Castle Age
22:21 Scale Barding Armor
26:56 Chain Barding Armor
26:10 Pikeman
27:31 Husbandry
27:44 Forging
28:33 Bow Saw
30:24 Iron Casting
35:39 Scale Mail Armor
36:40 Wheelbarrow
35:51 Town Watch
40:26 Hand Cart
45:36 Chain Mail Armor
46:32 Murder Holes
49:38 Imperial Age
47:33 Squires
49:43 Elite Throwing Axeman
49:48 Cavalier
51:06 Plate Barding Armor
51:01 Plate Mail Armor
51:51 Chemistry
50:57 Siege Engineers
51:36 Conscription
51:34 Halberdier
55:22 Blast Furnace
54:12 Fletching
55:20 Hoardings
Connection lost

Rejoining the realm…

Still unreachable

The connection could not be restored.

Session expired

The server has moved on; the page needs a fresh start.